 Dungeon Crawl Stone Soup version 0.20.1-1-g8b1a95d (webtiles) character file.

91 Echep the Cutter (level 4, -4/27 HPs)
             Began as a Tengu Skald on Dec 11, 2017.
             Slain by Grinder (6 damage)
             ... on level 3 of the Dungeon.
             The game lasted 00:13:27 (2395 turns).

Echep the Cutter (Tengu Skald)                      Turns: 2395, Time: 00:13:27

Health: -4/27      AC:  3    Str: 13    XL:     4   Next: 57%
Magic:  7/8        EV: 12    Int: 13    God:
Gold:   120        SH:  0    Dex: 13    Spells: 3/7 levels left

rFire    x . .     SeeInvis .   o - +0 whip (venom)
rCold    + . .     Gourm    .   (no shield)
rNeg     . . .     Faith    .   b - +0 leather armour
rPois    .         Spirit   .   (helmet restricted)
rElec    .         Reflect  .   (no cloak)
rCorr    .         Harm     .   (no gloves)
MR       .....                  (boots unavailable)
Stlth    +.........             (no amulet)
Regen    0.1/turn               p - ring of ice
MPRegen  0.2/turn               (no ring)

@: infused
A: beak, talons 3
a: no special abilities


You were on level 3 of the Dungeon.
You were not hungry.

You visited 1 branch of the dungeon, and saw 3 of its levels.

You collected 120 gold pieces.

Inventory:

Hand Weapons
 a - a +0 short sword
 o - a +0 whip of venom (weapon)
 s - a +2 antimagic mace
 v - a +0 hunting sling
Missiles
 f - 88 stones (quivered)
 r - 9 arrows
 u - 12 poisoned needles
Armour
 b - a +0 leather armour (worn)
Jewellery
 p - a ring of ice (left hand)
 w - an uncursed ring of ice
Scrolls
 e - a scroll of fog {unknown}
 m - a scroll of fear {unknown}
 n - 2 scrolls of teleportation {unknown}
 t - 2 scrolls of remove curse {unknown}
 x - a scroll of noise {unknown}
 y - a scroll of enchant weapon {unknown}
Potions
 g - 2 potions of curing {unknown}
 h - 2 potions of degeneration {unknown}
 i - a potion of agility {unknown}
 j - a potion of berserk rage {unknown}
 k - 2 potions of mutation {unknown}
 q - a potion of might {unknown}
Books
 c - a book of Battle

   Spells                             Type                      Level
   a - Infusion                       Charms                       1
   b - Shroud of Golubria             Charms/Translocation         2
   c - Song of Slaying                Charms                       2
   d - Spectral Weapon                Hexes/Charms                 3
   e - Regeneration                   Charms/Necromancy            3
Comestibles
 d - 2 bread rations
 l - a royal jelly


   Skills:
 * Level 2.4 Fighting
 + Level 2.9 Short Blades
 * Level 0.4 Maces & Flails
 * Level 1.9 Armour
 * Level 2.6 Dodging
 + Level 2.4 Spellcasting
 * Level 0.3 Hexes
 + Level 2.8 Charms


You had 3 spell levels left.
You knew the following spells:

 Your Spells              Type           Power        Failure   Level  Hunger
a - Infusion              Chrm           #...         10%         1    #......
b - Spectral Weapon       Hex/Chrm       #.......     43%         3    ###....


Dungeon Overview and Level Annotations

Branches:
Dungeon (3/15)

Altars:
Fedhas

Annotations:
D:3 Grinder


Innate Abilities, Weirdness & Mutations

You have a beak for a mouth.
You have claws for feet.


Message History

You suddenly lose the ability to move!
A rat comes into view.
Grinder hits you.
You writhe in agony.
Grinder hits you.
You writhe in agony.
Grinder hits you.
You writhe in agony.
* * * LOW HITPOINT WARNING * * *
Grinder hits you.
* * * LOW HITPOINT WARNING * * *
You writhe in agony.
* * * LOW HITPOINT WARNING * * *
You can move again.
You closely miss Grinder. You peck Grinder.
Grinder is lightly wounded.
Grinder barely misses you.
You hit Grinder. You claw Grinder. You peck Grinder.
Grinder is heavily wounded.
The rat closely misses you.
Grinder says, "Mostly I couldn't keep them alive."
Grinder hits you.
You die...

..# ##.##
#.########## #..#
#.##.......# ##.##
#.##.......# #..#
#.##.......# ##.##
..##.......# #..#
..##.......#######.##
..##.......##.......#
..##.......##...@...#
..##.......##...5r..#
...........##.......#
.....########)......#
.....# #.......#
.....# #.....[..
###### #..?!..#..
#......#.>#


You could see Grinder and a rat.

Vanquished Creatures
  A gnoll (D:1)
  An adder (D:2)
  An ooze (D:2)
  A worm (D:2)
  A leopard gecko (D:1)
  3 orcs (D:3)
  5 bats (D:1)
  5 giant cockroaches
  6 goblins
  9 hobgoblins
  4 jackals (D:1)
  5 kobolds
  A quokka (D:2)
  A ball python (D:1)
  5 frilled lizards
  9 rats
58 creatures vanquished.

Notes
Turn   | Place    | Note
-------+----------+-------------------------------------------
     0 | D:1      | Echep the Tengu Skald began the quest for the Orb.
     0 | D:1      | Reached XP level 1. HP: 12/12 MP: 4/4
   278 | D:1      | Reached XP level 2. HP: 14/17 MP: 4/6
   511 | D:1      | Reached XP level 3. HP: 19/21 MP: 4/7
   516 | D:1      | Learned a level 3 spell: Spectral Weapon
  1618 | D:2      | Reached XP level 4. HP: 26/26 MP: 5/8
  1837 | D:2      | Found a blossoming altar of Fedhas.
  2386 | D:3      | Noticed Grinder
  2387 | D:3      | Paralysed by Grinder for 7 turns
  2395 | D:3      | Slain by Grinder

Action                   |  1- 3 |  4- 6 || total
-------------------------+-------+-------++-------
Melee: Short sword       |    87 |       ||    87
       Peck              |     9 |     4 ||    13
       Kick              |    15 |    10 ||    25
       Whip              |     8 |    31 ||    39
 Fire: Hunting sling     |       |     6 ||     6
Throw: Stone             |    30 |     7 ||    37
 Cast: Infusion          |    22 |     9 ||    31
  Eat: Chunk             |     2 |     3 ||     5
Armor: Leather armour    |    24 |     5 ||    29
Dodge: Dodged            |    62 |    22 ||    84
